 Dungeon Crawl Stone Soup version 0.24.0-123-gd5b16e6ec5 (webtiles) character file.

Game seed: 16564115705729645319, levelgen mode: deterministic

1424 Johnny the Spear-Bearer (level 8, -1/60 HPs)
             Began as a Demigod Gladiator on Jan 26, 2020.
             Slain by a centaur
             ... wielding a cursed -3 shortbow
              (5 damage)
             ... on level 6 of the Dungeon.
             The game lasted 00:09:34 (7088 turns).

Johnny the Spear-Bearer (Demigod Gladiator)         Turns: 7088, Time: 00:09:35

Health: -1/60      AC: 11    Str: 19 (21) XL:     8   Next: 20%
Magic:  10/10      EV: 12    Int: 12      God:
Gold:   171        SH:  0    Dex: 15 (17) Spells: 7/7 levels left

rFire    . . .     SeeInvis .   a - +0 trident
rCold    . . .     Gourm    .   (no shield)
rNeg     . . .     Faith    .   h - +4 ring mail {rPois}
rPois    +         Spirit   .   c - +0 helmet
rElec    .         Reflect  .   (no cloak)
rCorr    .         Harm     .   (no gloves)
MR       +....                  s - +0 pair of boots
Stlth    +.........             (no amulet)
HPRegen  0.20/turn              r - ring of protection from magic
MPRegen  0.12/turn              (no ring)

@: about to teleport
A: high mp 1
a: no special abilities


You were on level 6 of the Dungeon.
You were hungry.

You visited 1 branch of the dungeon, and saw 6 of its levels.

You collected 171 gold pieces.

Inventory:

Hand Weapons
 a - a +0 trident (weapon)
Armour
 c - a +0 helmet (worn)
 h - a +4 ring mail of poison resistance (worn)
 p - a +0 cloak
 s - a +0 pair of boots (worn)
Jewellery
 r - a ring of protection from magic (left hand)
Wands
 j - a wand of flame (13)
Scrolls
 b - 2 scrolls of amnesia {unknown}
 e - a scroll of enchant weapon {unknown}
 g - 2 scrolls of immolation
 i - a scroll of blinking {unknown}
 k - 3 scrolls of noise
 o - 3 scrolls of fog
Potions
 d - 2 potions of mutation
 m - 3 potions of flight
 q - 3 potions of cancellation
Comestibles
 f - 6 rations
 n - 4 chunks of flesh


   Skills:
 - Level 1.7 Fighting
 + Level 10.0 Polearms
 - Level 1.7 Throwing
 - Level 2.6 Dodging


You had 7 spell levels left.
You didn't know any spells.
Your spell library was empty.

Dungeon Overview and Level Annotations

Branches:
Dungeon (6/15)
 Temple: D:4-7


Innate Abilities, Weirdness & Mutations

You have an increased reservoir of magic. (+10% MP)


Message History

Aim: an orc warrior, wielding a +0 war axe and wearing a cursed +0 chain mail (heavily wounded)
The puff of flame hits the orc warrior.
The orc warrior is heavily wounded.
The orc barely misses you. The orc warrior closely misses you.
Unknown command.
Evoke which item? (* to show all) (? for menu, Esc to quit)
Aiming: Throw Flame
Press: ? - help, Shift-Dir - straight line, f/p - orc warrior
Aim: an orc warrior, wielding a +0 war axe and wearing a cursed +0 chain mail (heavily wounded)
The puff of flame misses the orc warrior.
The puff of flame hits the centaur.
The centaur is moderately wounded.
Your surroundings suddenly seem different.
The orc hits you with a +0 club.
* * * LOW HITPOINT WARNING * * *
Unknown command.
As you read the scroll of teleportation, it crumbles to dust.
You feel strangely unstable.
The centaur hits you with a cursed -3 shortbow.
You die...

#.o....# #.o....# #######
#.o>o..#
#.....#############o.......#
#.....##(...........#......#
#.....#..##(..#######......#
#.......###...# #......#
#..o..### #(..# ####.....#
#@..# #...###### #oc.#
#....#########...####
###.....<.o.o.........
##.#########...##.## #.#
#...# # #.# ..#.# #.. .##.#
### # .#


You could see a centaur and an orc.

Vanquished Creatures
  Sigmund (D:3)
  Menkaure (D:4)
  Edmund (D:4)
  Duvessa (D:4)
  A sky beast (D:5)
  2 phantoms
  Blork the orc (D:4)
  Dowan (D:4)
  2 crimson imps
  A bullfrog skeleton (D:5)
  Ijyb (D:3)
  An iguana (D:5)
  2 orc wizards
  2 worker ants
  Terence (D:2)
  A hound skeleton (D:4)
  A worker ant zombie (D:3)
  7 adders
  A howler monkey skeleton (D:5)
  A shadow imp (D:5)
  4 worms
  2 adder skeletons
  A dart slug (D:5)
  5 leopard geckos
  10 orcs
  9 bats
  3 giant cockroaches
  10 goblins
  8 hobgoblins
  15 jackals
  11 kobolds
  6 quokkas
  A ball python (D:5)
  5 frilled lizards
  11 rats
131 creatures vanquished.

Vanquished Creatures (others)
  An orc wizard (D:3)
1 creature vanquished.

Grand Total: 132 creatures vanquished

Notes
Turn   | Place    | Note
-------+----------+-------------------------------------------
     0 | D:1      | Johnny the Demigod Gladiator began the quest for the Orb.
     0 | D:1      | Reached XP level 1. HP: 17/17 MP: 3/3
    66 | D:1      | Reached skill level 3 in Polearms
   308 | D:1      | Reached XP level 2. HP: 22/24 MP: 4/4
   939 | D:1      | Reached XP level 3. HP: 29/29 MP: 5/5
   999 | D:1      | Reached skill level 4 in Polearms
  1096 | D:2      | Noticed Terence
  1120 | D:2      | Killed Terence
  1277 | D:2      | Reached XP level 4. HP: 27/36 MP: 6/6
  1734 | D:2      | Reached skill level 5 in Polearms
  2032 | D:3      | Noticed Sigmund
  2309 | D:3      | Noticed a phantom
  2350 | D:3      | Killed a phantom
  2350 | D:3      | Reached skill level 6 in Polearms
  2350 | D:3      | Reached XP level 5. HP: 16/41 MP: 7/7
  2550 | D:3      | Noticed Ijyb
  2593 | D:3      | Killed Sigmund
  2593 | D:3      | Reached XP level 6. HP: 22/48 MP: 8/8
  2813 | D:3      | Reached skill level 7 in Polearms
  3417 | D:4      | Noticed Menkaure
  3430 | D:4      | Killed Menkaure
  3756 | D:4      | Reached XP level 7. HP: 48/53 MP: 9/9
  3875 | D:4      | Found a hazy altar of Hepliaklqana.
  3982 | D:4      | Found a shimmering altar of Xom.
  3983 | D:4      | Noticed a spectral ugly thing
  4261 | D:4      | Noticed Blork the orc
  4357 | D:3      | HP: 2/53 [orc wizard/puff of frost (2)]
  4584 | D:3      | Reached skill level 8 in Polearms
  4661 | D:3      | Found a glowing golden altar of the Shining One.
  4695 | D:3      | Killed Ijyb
  5045 | D:4      | Killed Blork the orc
  5106 | D:4      | Noticed Edmund
  5154 | D:4      | Killed Edmund
  5379 | D:4      | Noticed Duvessa
  5379 | D:4      | Noticed Dowan
  5402 | D:5      | Entered Level 5 of the Dungeon
  5622 | D:5      | Reached skill level 9 in Polearms
  5836 | D:5      | Found an opulent altar of Gozag.
  6083 | D:4      | Killed Duvessa
  6083 | D:4      | Reached XP level 8. HP: 52/60 MP: 10/10
  6096 | D:4      | Killed Dowan
  6666 | D:5      | Reached skill level 10 in Polearms
  7088 | D:6      | Slain by a centaur

Levels and vault maps discovered:
D:1:      roderic_chinese_lattice_arrival, layout_basic
D:2:      layout_basic, first_ration, uniq_terence
D:3:      layout_loops_ring, overflow_temple_1_default, uniq_sigmund, uniq_ijyb
D:4:      layout_gridville, regret_index_temple_of_mockery, uniq_duvessa,
          uniq_blork_the_orc, uniq_edmund, uniq_menkaure
D:5:      layout_basic, grunt_gozag_statues
D:6:      layout_rooms, makhleb_heckhound_becter, minmay_temple_entry_grid

Skill      XL: |  1  2  3  4  5  6  7  8 |
---------------+-------------------------+-----
Polearms       | 3 4 6 7 9 10 | 10.0
Fighting       | |  1.7
Throwing       | |  1.7
Dodging        | |  2.6

Action                   |  1- 3 |  4- 6 |  7- 9 || total
-------------------------+-------+-------+-------++-------
Melee: Trident           |   147 |   268 |   292 ||   707
Throw: Throwing net      |       |     7 |     3 ||    10
Evoke: Wand              |       |       |    13 ||    13
  Use: Scroll            |       |     5 |     7 ||    12
       Potion            |       |       |     6 ||     6
 Stab: Held in net/web   |       |     4 |     2 ||     6
  Eat: Chunk             |     1 |     6 |     6 ||    13
       Ration            |       |     1 |     1 ||     2
Armor: Leather armour    |    15 |       |       ||    15
       Chain mail        |    66 |   121 |    55 ||   242
       Ring mail         |       |       |    52 ||    52
Dodge: Dodged            |    64 |   108 |   129 ||   301
